Cogmind - Beta 13 @@@ ROGUE MODE // 2024.04.01 @ 20:42:01 Player: SnaveSutit Result: Destroyed by X-62 Marksman with Pulse Rifle Performance ------------- Evolutions (2) 1000 Regions Visited (3) 600 Robots Destroyed (28) 140 Value Destroyed (891) 891 Prototype IDs (2) 40 Alien Tech Used (0) 0 Bonus (0) 0 TOTAL SCORE: 2671 Bonus ------- None Cogmind --------- Core Integrity 0/550 Matter 240/300 Energy 74/100 System Corruption 0% Temperature Cool (9) Movement Treading (385) Ox3 Location -8/Materials Parts ------- > --- POWER (1) -------- (None) > --- PROPULSION (4) --- Advanced Treads > --- UTILITY (4) ------ Improved Cooling System Huge Storage Unit Signal Interpreter System Shield > --- WEAPON (2) ------- Mini Grenade Launcher Mini Grenade Launcher > --- INVENTORY (25) --- Heavy Ion Engine Nuclear Core Improved Hover Unit Improved Signal Interpreter Gatling Laser Gatling Laser Particle Cannon Heavy Particle Cannon Light Assault Rifle Light Cannon Peak State ------------ > --- POWER ------------ Heavy Ion Engine > --- PROPULSION ------- Improved Hover Unit Improved Hover Unit Improved Hover Unit Improved Hover Unit > --- UTILITY ---------- Improved Cooling System Large Storage Unit Signal Interpreter System Shield > --- WEAPON ----------- Greatsword > --- INVENTORY -------- Heavy Ion Engine Nuclear Core Advanced Treads Improved Signal Interpreter Gatling Laser Gatling Laser Particle Cannon Heavy Particle Cannon Light Assault Rifle Light Cannon Mini Grenade Launcher Mini Grenade Launcher [Rating: 31] Favorites ----------- Power Light Ion Engine Engine Light Ion Engine Power Core Nuclear Core Propulsion Improved Hover Unit Treads Light Treads Hover Unit Improved Hover Unit Utility Signal Interpreter Device Improved Cooling System Storage Small Storage Unit Processor Signal Interpreter Hackware System Shield Weapon Beam Cannon Energy Gun Medium Laser Energy Cannon Beam Cannon Ballistic Gun Light Assault Rifle Ballistic Cannon Light Cannon Launcher Mini Grenade Launcher Slashing Weapon Greatsword Build | -11 -10 -9 -8 ------- Run | Yrd Mat Mat Mat Slots Evolved 4 | . . 2 2 Power . | . . . . Propulsion 2 | . . . 2 Utility 2 | . . 2 . Weapon . | . . . . Parts Attached 40 | 6 6 6 22 Power 5 | 1 1 . 3 Engine 4 | 1 1 . 2 Core 1 | . . . 1 Reactor . | . . . . Propulsion 11 | 2 2 2 5 Treads 7 | 2 2 2 1 Leg . | . . . . Wheel . | . . . . Hover 4 | . . . 4 Flight . | . . . . Utility 10 | 1 1 2 6 Device 4 | . . 2 2 Storage 4 | 1 . . 3 Processor 1 | . 1 . . Hackware 1 | . . . 1 Protection . | . . . . Artifact . | . . . . Weapon 14 | 2 2 2 8 Energy Gun 4 | 1 . 1 2 Energy Cannon 4 | . 2 1 1 Ballistic Gun 1 | 1 . . . Ballistic Cannon 1 | . . . 1 Launcher 2 | . . . 2 Special Weapon . | . . . . Impact Weapon . | . . . . Slashing Weapon 2 | . . . 2 Piercing Weapon . | . . . . Special Melee Weapon . | . . . . Unidentified Prototypes 2 | . . 1 1 Parts Lost 13 | . . . 13 Power 3 | . . . 3 Propulsion 5 | . . . 5 Utility 2 | . . . 2 Weapon 3 | . . . 3 Highest Loss Streak 6 | . . . 6 To Critical Strikes 1 | . . . 1 Average Slot Usage (%) 82 | . 82 82 81 Engine 7 | . 6 11 5 Core 1 | . . . 2 Treads 9 | . 18 14 4 Hover 12 | . . . 22 Device 9 | . . 12 10 Storage 10 | . 14 11 9 Processor 10 | . 13 11 9 Hackware 3 | . . . 6 Energy Gun 2 | . 11 . 1 Energy Cannon 9 | . 5 22 5 Ballistic Gun 2 | . 11 . . Slashing Weapon 2 | . . . 4 Naked Turns . | . . . . Heaviest Build 95 | 11 14 17 95 Greatest Support 40 | 40 40 40 40 Greatest Overweight (x) 6 | . 3 4 6 Average Overweight (x) . | . . . . Largest Inventory Capacity 25 | 8 8 8 25 Average Capacity 11 | 6 8 8 14 Most Carried 13 | 3 8 8 13 Average Carried 7 | 1 5 7 9 Final Capacity 25 | 8 8 8 25 Final Carried 10 | 1 7 7 10 Class Distribution -------------------- 100% | Mutant Dominant Class ---------------- Mutant | -10/Materials Mutant | -9/Materials Mutant | -8/Materials Resources | -11 -10 -9 -8 ----------- Run | Yrd Mat Mat Mat Matter Collected 598 | 239 37 115 207 Remotely . | . . . . Salvage Created 1190 | . 48 309 833 Parts 52 | . 2 14 36 Haulers Intercepted 1 | . . . 1 Recyclers Shooed . | . . . . Parts Field Recycled . | . . . . Retrieved Matter . | . . . . Parts Self-Destructed . | . . . . Prevented . | . . . . Kills | -11 -10 -9 -8 ------- Run | Yrd Mat Mat Mat Combat Hostiles Destroyed 18 | . 3 3 12 Melee 2 | . . . 2 Guns 5 | . 3 . 2 Cannons 10 | . . 3 7 AOE 1 | . . . 1 Classes Destroyed 10 | . 1 4 5 Builder 1 | . . . 1 Hauler 1 | . . . 1 Recycler 3 | . . 1 2 Operator 1 | . . . 1 Watcher 4 | . . 3 1 Swarmer 3 | . 3 . . Grunt 8 | . . 1 7 Duelist 1 | . . . 1 Sentry 5 | . . 2 3 Specialist 1 | . . . 1 Best Kill Streak 3 | . 3 3 3 Combat Bots Only 3 | . 3 2 2 Max Kills in Single Turn 2 | . 1 1 2 Gunslinging . | . . . . Exploded 1 | . . . 1 Melee 1 | . . . 1 Uniques/NPCs Destroyed . | . . . . Combat | -11 -10 -9 -8 -------- Run | Yrd Mat Mat Mat Hostile Shots Fired 185 | . 20 23 142 Missed 51 | . 5 4 42 Damage Taken 2226 | . 116 237 1873 Core 633 | . 40 38 555 Absorbed by Shields . | . . . . Regen/Repaired (Parts) 62 | . . 62 . Core Remaining (%) 91 | 100 84 90 . Volleys Fired 74 | . 11 13 50 Largest 2 | . 2 2 2 Hottest 160 | . 70 120 160 Shots Fired 127 | . 22 26 79 Gun 32 | . 22 . 10 Cannon 91 | . . 26 65 Launcher 4 | . . . 4 Special . | . . . . Kinetic 19 | . 11 . 8 Thermal 104 | . 11 26 67 Explosive 4 | . . . 4 Electromagnetic . | . . . . Robot Hit Streak 9 | . 4 9 9 Robot Miss Streak 5 | . 5 2 4 Penetration Max . | . . . . Secondary Targets 1 | . 1 . . Max Gunslinging Chain 1 | . 1 . . Shots Hit Robots 95 | . 12 18 65 Core Hits 45 | . 4 9 32 Critical Kills . | . . . . Critical Parts Destroyed . | . . . . Critical Strikes 3 | . 1 . 2 Burn 1 | . 1 . . Sever 2 | . . . 2 Melee Attacks 8 | . . . 8 Impact . | . . . . Slashing 8 | . . . 8 Piercing . | . . . . Sneak Attacks 1 | . . . 1 Combat Hostiles . | . . . . Follow-up Attacks . | . . . . Damage Inflicted 2167 | . 121 335 1711 Guns 324 | . 121 . 203 Cannons 1087 | . . 335 752 Explosions 252 | . . . 252 Melee 504 | . . . 504 Ramming . | . . . . Kinetic 164 | . 59 . 105 Thermal 1247 | . 62 335 850 Explosive 252 | . . . 252 Electromagnetic . | . . . . Impact . | . . . . Slashing 504 | . . . 504 Piercing . | . . . . Highest Corruption . | . . . . Average Corruption . | . . . . Corruption Purged . | . . . . Corruption Blocked . | . . . . Overload Shots . | . . . . Overflow Damage 92 | . . . 92 Projectiles . | . . . . Explosions . | . . . . Melee 92 | . . . 92 Knockbacks 3 | . . . 3 Impact . | . . . . Kinetic 3 | . . . 3 Secondary . | . . . . Self-Inflicted Damage 193 | . . . 193 Shots 4 | . . . 4 Rammed . | . . . . Targets Rammed . | . . . . Kicked . | . . . . Crushed . | . . . . Highest Temperature 171 | . 50 171 137 Average Temperature 40 | . 21 72 38 Received Heat Transfer 816 | . . 114 702 Siege Activations . | . . . . Robots Corrupted . | . . . . Combat Hostiles . | . . . . Parts Fried . | . . . . Impact Corruptions . | . . . . Robots Melted . | . . . . Combat Hostiles . | . . . . Parts Melted 10 | . 2 3 5 Heat Transferred 2769 | . 259 703 1807 Parts Sabotaged . | . . . . Parts Stolen . | . . . . Parts Stripped . | . . . . Power Chain Reactions . | . . . . Alert | -11 -10 -9 -8 ------- Run | Yrd Mat Mat Mat Peak Influence 226 | . 85 204 226 Initial 35 | . . 35 1 Average 76 | . 28 80 96 Maximum Alert Level 1 | . . 1 1 Low Security (%) 94 | 100 100 91 93 Level 1 5 | . . 8 6 Level 2 . | . . . . Level 3 . | . . . . Level 4 . | . . . . Level 5 . | . . . . High Security . | . . . . Max Security . | . . . . Squads Dispatched 2 | . . . 2 Investigation 1 | . . . 1 Extermination . | . . . . Reinforcement 1 | . . . 1 Assault . | . . . . Garrison . | . . . . Intercept . | . . . . Searches Triggered . | . . . . Construction Impeded . | . . . . Haulers Reinforced . | . . . . Active Scanning Responses . | . . . . Cargo Convoy Interrupts . | . . . . Stealth | -11 -10 -9 -8 --------- Run | Yrd Mat Mat Mat Distress Signals 2 | . . . 2 Communications Jammed . | . . . . Distress Signals . | . . . . Times Spotted 32 | . 4 9 19 Peak Tracking Total 8 | . 3 3 8 Tactical Retreats . | . . . . Traps | -11 -10 -9 -8 ------- Run | Yrd Mat Mat Mat Traps Triggered 3 | . 2 . 1 Indirectly . | . . . . Trap Hack Attempts . | . . . . Triggered . | . . . . Disarmed . | . . . . Reprogrammed . | . . . . Reused . | . . . . Traps Extracted . | . . . . Installed . | . . . . Triggered . | . . . . Machines | -11 -10 -9 -8 ---------- Run | Yrd Mat Mat Mat Machines Disabled 5 | . . 1 4 Max in Single Turn 1 | . . 1 1 Machines Repaired . | . . . . Machines Dismantled . | . . . . Machines Sabotaged . | . . . . Overloaded Fab Kills . | . . . . Hacking | -11 -10 -9 -8 --------- Run | Yrd Mat Mat Mat Machines Accessed 1 | . . 1 . Terminals . | . . . . Fabricators . | . . . . Repair Stations 1 | . . 1 . Recycling Units . | . . . . Scanalyzers . | . . . . Garrison Access . | . . . . Total Hacks 2 | . . 2 . Successful 2 | . . 2 . Failed . | . . . . Catastrophic . | . . . . Database Lockouts . | . . . . Manual . | . . . . Terminals . | . . . . Fabricators . | . . . . Repair Stations 2 | . . 2 . Recycling Units . | . . . . Scanalyzers . | . . . . Garrison Access . | . . . . Terminal Hacks . | . . . . Fabricator Hacks . | . . . . Repair Station Hacks 2 | . . 2 . Scan Component 1 | . . 1 . Repair 1 | . . 1 . Recycling Unit Hacks . | . . . . Scanalyzer . | . . . . Garrison Access Hacks . | . . . . Unauthorized Hacks . | . . . . Terminals . | . . . . Fabricators . | . . . . Repair Stations . | . . . . Recycling Units . | . . . . Scanalyzers . | . . . . Garrison Access . | . . . . Data Cores Recovered 1 | . . . 1 Used . | . . . . Hacking Detections . | . . . . Full Trace Events . | . . . . Feedback Events . | . . . . Feedback Blocked . | . . . . Robot Schematics Acquired . | . . . . Robots Built . | . . . . Authchips . | . . . . Time . | . . . . Total Robot Build Rating . | . . . . Part Schematics Acquired . | . . . . Parts Built . | . . . . Authchips . | . . . . Time . | . . . . Total Part Build Rating . | . . . . Parts Repaired 1 | . . 1 . Time 26 | . . 26 . Parts Recycled . | . . . . Recycled Matter . | . . . . Retrieved Matter . | . . . . Retrieved Components . | . . . . Parts Scanalyzed . | . . . . Part Schematics Acquired . | . . . . Parts Damaged . | . . . . Bothacking | -11 -10 -9 -8 ------------ Run | Yrd Mat Mat Mat Used RIF Installer . | . . . . Robots Hacked . | . . . . Non-combat . | . . . . Combat . | . . . . Robot Hacks Applied . | . . . . Relay Couplers Released . | . . . . Fabnet Peak Effective % . | . . . . Robots Rewired . | . . . . Allies Hacked . | . . . . Hacks Repelled . | . . . . Allies | -11 -10 -9 -8 -------- Run | Yrd Mat Mat Mat Total Allies . | . . . . Largest Group . | . . . . Highest-Rated Group . | . . . . Highest-Rated Ally . | . . . . Total Orders . | . . . . Ally Attacks . | . . . . Total Damage . | . . . . Kills . | . . . . Allies Corrupted . | . . . . Allies Melted . | . . . . Intel | -11 -10 -9 -8 ------- Run | Yrd Mat Mat Mat Robot Analysis Total . | . . . . Derelict Logs Recovered . | . . . . Drone Launches . | . . . . Drone Recoveries . | . . . . Exploration | -11 -10 -9 -8 ------------- Run | Yrd Mat Mat Mat Turns Passed 1805 | 79 310 488 928 Spaces Moved 889 | 45 164 229 451 Core 40 | 4 17 2 17 Treads 504 | 41 147 227 89 Legs . | . . . . Wheels . | . . . . Hover 345 | . . . 345 Flight . | . . . . Fastest Speed 48 | 50 150 160 48 Average Speed 142 | 150 159 160 126 Slowest Speed 465 | 160 200 250 465 Overloaded Moves . | . . . . Propulsion Burnouts . | . . . . Robots Hopped . | . . . . Cave-ins Triggered . | . . . . Exploration Rate (%) 29 | 3 39 33 42 Regions Visited 3 Branch Regions . Pre-discovered Areas . | . . . . Known Exits Taken 2 | . 1 1 . Unknown Exits Taken 1 | 1 . . . Scrap Searched . | . . . . Spaces Dug . | . . . . Terrain Destroyed 11 | . . . 11 Melee . | . . . . Projectile . | . . . . AOE 11 | . . . 11 Terrain Rammed . | . . . . Walls Destroyed . | . . . . Machines Disabled . | . . . . Actions | -11 -10 -9 -8 --------- Run | Yrd Mat Mat Mat Total 1286 | 57 192 322 715 Wait 225 | . . 71 154 Move 886 | 44 163 228 451 Hop . | . . . . Pick Up 41 | 7 11 3 20 Fast Attach 2 | . . 2 . Attach 29 | 6 4 3 16 Detach 4 | . . . 4 Swap 9 | . 2 1 6 Drop 8 | . 1 1 6 Fire 74 | . 11 13 50 Melee 8 | . . . 8 Ram . | . . . . Kick . | . . . . Crush . | . . . . Escape Stasis . | . . . . Rewire . | . . . . Trap . | . . . . Miscellaneous . | . . . . Route ------- -11/Scrapyard -10/Materials (discovered 2 exits: *Mat / [*Min]) -9/Materials -8/Materials (discovered 1 exit: *Fac) History --------- Turn | Location | Event 4 | -11/Scrapyard | Discovered new exit (range 15) 80 | -11/Scrapyard | Entered Materials 192 | -10/Materials | Discovered new exit (range 13) 311 | -10/Materials | Build established: Mutant 361 | -10/Materials | Discovered new exit (range 9) 388 | -10/Materials | Identified exit to Materials 390 | -10/Materials | Entered another Materials area 390 | -9/Materials | Evolved 2 slots: Utility x2 543 | -9/Materials | Repaired Lgt. Treads 862 | -9/Materials | Discovered new exit (range 11) 876 | -9/Materials | Identified exit to Materials 878 | -9/Materials | Entered another Materials area 878 | -8/Materials | Evolved 2 slots: Propulsion x2 1115 | -8/Materials | Core integrity fell below 50% 1149 | -8/Materials | Lost 6 parts (1p2n1u2w) 1256 | -8/Materials | Discovered new exit (range 11) 1260 | -8/Materials | Identified exit to Factory 1792 | -8/Materials | Core integrity fell below 20% 1806 | -8/Materials | Destroyed by X-62 Marksman with Pulse Rifle Last Messages --------------- Imp. Hover Unit destroyed. Slug penetrates Wall. Penetrated by Slug. A-02 Transporter destroyed. Penetrated by Slug. Slug penetrates Wall. Penetrated by Slug. Hvy. Ion Engine destroyed. Penetrated by Slug. U-05 Engineer builds a Door. Critical hit (Destroy). Greatsword destroyed. R-06 Scavenger collects Lgt. Ion Engine. Penetrated by Slug. Slug penetrates Wall. Slug penetrates Matter Filter. Matter Filter disabled. X-62 Marksman destroyed. R-06 Scavenger destroyed. Penetrated by Slug. Map ----- +----------------------------------------------------+ | ????################ ############| ##### | | ?????????# # # #?#%####### # | | ?????????# # # """ ## = ?????# # | | ????????????"" """ + # """ !## #?????# # | | ????????????"" """ # # """ ## ??????# # | | ????????????"" """ #^^+ #?##??????# + | | ?????????# ## #*""" !!]#?????????# # | | ?????????# ## #%""" !!]#?????????# # | | ?????????# ## #[""" !]]#?????????# # | | ?????????############ #[!! #?????????# ##### | | ?????????????????####+######## #?????????# #???? | | ?????????????????# #??###?????????# #???? | | ?????????????????# "" #??????????????+ #???? | | ?????????????????# ""S #??????????????# ???? | | ?????????????????# "" #??????????????# ???? | | ?????????????????# #??????????????# ???? | | ?????????????????#""" #??????????????# #???? | | ?????????????????#""" #??????????????# ????? | | ?????????????????#""" #??????????????# ????? | | ?????????????????# % #??????????????+ ????? | | ?????????????????##### ##########???????# ????? | | ???????????????????## #???????? ????? | | ???????????????????# [ """""#???????????????? | | ???????????????????# """""#???????????????? | | ???????????????????# x %"""#???????????????? | | ???????????????????# %[@ """"#???????????????? | | ???????????????????# ! [ """""#???????????????? | | ???????????????????## """""#???????????????? | | ????????????????????# ! #! %""""#???????????????? | | ???????????H????????# # #???????????????? | | ????????????????????# ##########???????????????? | | ????????????????????# #????????????????????????? | | ????????????????????# #????????????????????????? | | ????????????????????# ]]#????????????????????????? | | ????????????????????#*]%#????????????????????????? | | ????????????????????# ]]#????????????????????????? | | ????????????????????# #????????????????????????? | | ????????????????????T #????????????????????????? | | ????????????????????# #????????????????????????? | | ????????????????????# #????????????????????????? | | ????????????????????# #????????????????????????? | | ????????????????????# #????????????????????????? | | ???????????????????? #????????????????????????? | | ??????????????????^?? +????????????????????????? | | ????????????????????? #????????????????????????? | | ????????????????????? ?????????????????????????? | | ?????????????????????????????????????????????????? | | ?????????????????????????????????????????????????? | | ?????????????????????????????????????????????????? | | ?????????????????????????????????????????????????? | +----------------------------------------------------+ Best States ------------- Heat Dissipation 67 Energy Generation 14 Energy Capacity 280 Matter Stores 300 Matter Capacity 300 Sight Range 16 Terrain Scan Density 10 Evasion (%) 55 Recoil Reduction 2 Defensive Hacking 10 Item Schematics ----------------- None Robot Schematics ------------------ None Fabricated ------------ Nothing Alien Tech Used ----------------- None Achievements -------------- Part-time Mechanic Challenges ------------ None Game ------ Seed AntigravSpectralPendant Manual? 0 Play Time 00:22:54 Cumulative 5.3 hours Start 2024.04.01 @ 20:19:57 End 2024.04.01 @ 20:42:01 Sessions 1 Manual Loads 0 Difficulty Rogue Special Mode None Game No. 7 Rogue 7 Adventurer 0 Explorer 0 Win Type - Total 0 Types 0/0/0/0/0/0/0/0/0 Lore% 11 Gallery% 12 Achievement% 11 Wizard Run 0 Options --------- Layout 1 ASCII 0 Keyboard 0 Movement Mouse Keybinds 0 Fullscreen 2 Font 24/Smallcaps Map View 50x35 Zoom Use 0% Tactical HUD 0 Map Filters NONE Filters NONE Steam 1 RUN: 924e72c9-6e89-4d5b-9673-e4a41a72068d